 Dungeon Crawl Stone Soup version 0.29.0-4-gdea44cf6ec (webtiles) character file.

Game seed: 10967025235940144759

51 qw the Chopper (level 3, 0/21 HPs)
             Began as a Tengu Warper on Aug 28, 2022.
             Slain by a goblin
             ... wielding a +0 dagger
             ... led by Robin
              (3 damage)
             ... on level 2 of the Dungeon.
             The game lasted 00:00:09 (1776 turns).

qw the Chopper (Tengu Warper)                       Turns: 1776, Time: 00:00:09

Health: 0/21       AC:  3    Str: 13    XL:     3   Next: 83%
Magic:  7/7        EV: 12    Int: 13    God:
Gold:   74         SH:  0    Dex: 13    Spells: 6/6 levels left

rFire   . . .      SeeInvis .   a - +0 war axe
rCold   . . .      Faith    .   (no shield)
rNeg    . . .      Spirit   .   b - +0 leather armour
rPois   .          Reflect  .   (helmet restricted)
rElec   .          Harm     .   (no cloak)
rCorr   .          Rampage  .   (no gloves)
Will    .....                   (boots unavailable)
Stlth   +.........              (no amulet)
HPRegen 0.07/turn               (no ring)
MPRegen 0.10/turn               (no ring)

@: no status effects
A: beak, talons 3
a: no special abilities


You were on level 2 of the Dungeon.
You visited 1 branch of the dungeon, and saw 2 of its levels.

You collected 74 gold pieces.


Innate Abilities, Weirdness & Mutations

You have a beak for a mouth.
You have claws for feet.


   Skills:
 - Level 2.0 Fighting
 + Level 4.4 Axes
 - Level 1.0 Throwing
 - Level 1.1 Armour
 - Level 2.1 Dodging
 - Level 2.0 Spellcasting
 - Level 2.4 Translocations


You had 6 spell levels left.
You didn't know any spells.
Your spell library contained the following spells:

 Spells                   Type           Power      Damage    Failure   Level
 Blink                    Tloc           14%        N/A       19%         2
 Gell's Gravitas          Tloc           7%         N/A       36%         3
 Lesser Beckoning         Tloc           7%         N/A       36%         3
 Teleport Other           Tloc           7%         N/A       36%         3
 Manifold Assault         Tloc           7%         N/A       98%         5

Inventory:

Hand Weapons
 a - a +0 war axe (weapon)
 g - a +0 mace
Armour
 b - a +0 leather armour (worn)
Scrolls
 f - a scroll of identify
Potions
 d - a potion of mutation
 e - a potion of heal wounds {unknown}

Dungeon Overview and Level Annotations

Branches:
Dungeon (2/15)

Altars:

Shops:
D:1 *

Annotations:
D:2 Robin


Message History

Your peck misses the goblin.
The goblin is heavily wounded.
The goblin closely misses you. Robin throws the goblin at you!
You hit the goblin. You claw the goblin.
You kill the goblin!
You completely miss the goblin. The goblin hits you with a +0 dagger.
You closely miss the goblin. You claw the goblin.
You kill the goblin!
You barely miss the goblin.
Robin roars a battlecry!
The goblins go into a battle-frenzy!
The goblin hits you with a +0 dagger.
You hear a shout!
You miss the goblin. Your kick misses the goblin.
The goblin hits you with a +0 dagger. The goblin closely misses you.
You completely miss the goblin. The goblin closely misses you.
Robin throws the goblin at you!
You closely miss the goblin. You peck the goblin.
The goblin is heavily wounded.
You closely miss the goblin. The goblin hits you with a +0 dagger.
Robin says, "My goblins will feast on your bones."
The goblin closely misses you.
You hit the goblin.
The goblin is severely wounded.
You barely miss the goblin.
The goblin hits you with a +0 dagger. x2
The goblin hits you but does no damage. The goblin misses you.
You hit the goblin.
You kill the goblin!
You hit the goblin. The goblin hits you with a +0 dagger.
You hit the goblin. Your kick misses the goblin.
The goblin is heavily wounded.
The goblin drinks a potion.
The goblin is healed!
You closely miss the goblin. Your kick misses the goblin. You peck the goblin.
The goblin is moderately wounded.
The goblin hits you with a +0 dagger.
You die...

...# ##.# #.####
#....# #######
##.###.##.....#
#.## #.#.###.####
..# #...# #....#
#.## ##.#.###.##)#
##.###.##.....##@#
##...##########g#
#.......# #g#
#.#.###.#


#gg.g.ggg #.#.###.# ###...g.g #.......######## .g...g ##.##.##.##.....# .g$g.
......(..##.....# #.... .#.##.<.........# ..g. You could see Robin, 2 hobgoblins
and a goblin (strong).

Vanquished Creatures
  2 adders (D:2)
  A ball python (D:2)
  An endoplasm (D:1)
  3 giant cockroaches
  6 goblins (D:2)
  2 hobgoblins (D:2)
  3 jackals (D:2)
  5 kobolds
  A quokka (D:1)
  A bat (D:1)
  4 rats
29 creatures vanquished.

Notes
Turn   | Place    | Note
-------+----------+-------------------------------------------
     0 | D:1      | qw the Tengu Warper began the quest for the Orb.
     0 | D:1      | Reached XP level 1. HP: 12/12 MP: 4/4
     0 | D:1      | 0 ||| qw: Version: 0.1-a-89-g26bdef1
     0 | D:1      | 0 ||| qw: Game counter: 662
     0 | D:1      | 0 ||| qw: Always use a shield: true
     0 | D:1      | 0 ||| qw: God list: Okawaru
     0 | D:1      | 0 ||| qw: Allow faded altars: false
     0 | D:1      | 0 ||| qw: Do Orc after D:15 true
     0 | D:1      | 0 ||| qw: Do second Lair branch before Depths: true
     0 | D:1      | 0 ||| qw: Lair rune preference: random
     0 | D:1      | 0 ||| qw: Plans: Normal
     0 | D:1      | 0 ||| PLANNING D:1-11
   201 | D:1      | Found Uli Zeh's Assorted Antiques.
   208 | D:1      | 208 ||| SHOPLISTING fuming yellow potion (18 gold, have 0).
   208 | D:1      | 208 ||| SHOPLISTING golden potion (18 gold, have 0).
   208 | D:1      | 208 ||| SHOPLISTING inky potion (18 gold, have 0).
   208 | D:1      | 208 ||| SHOPLISTING scroll labelled KORAM QOSCHURAI (21
                  | gold, have 0).
   208 | D:1      | 208 ||| SHOPLISTING scroll labelled RUSMOPP YMURR (21 gold,
                  | have 0).
   363 | D:1      | Reached XP level 2. HP: 17/17 MP: 6/6
   405 | D:1      | Reached skill level 3 in Axes
   977 | D:1      | Found a faded altar of an unknown god.
  1101 | D:1      | 1101 ||| READING scroll labelled VEFI ZYLUWY.
  1102 | D:1      | 1102 ||| READING 4 scrolls labelled POUGIER CAITS.
  1103 | D:1      | 1103 ||| READING 2 scrolls labelled HIGHIAMIUT.
  1104 | D:1      | 1104 ||| READING scroll labelled QOJOSH OZEKKERGH.
  1105 | D:1      | 1105 ||| READING scroll labelled WUIQOA AQUDWEL.
  1106 | D:1      | 1106 ||| READING 3 scrolls of identify.
  1106 | D:1      | 1106 ||| IDENTIFYING golden potion
  1107 | D:1      | 1107 ||| READING 2 scrolls of identify.
  1107 | D:1      | 1107 ||| IDENTIFYING bubbling red potion
  1108 | D:1      | 1108 ||| DROPPING scroll of blinking.
  1109 | D:1      | 1109 ||| DROPPING potion of flight.
  1110 | D:1      | 1110 ||| DROPPING scroll of immolation.
  1254 | D:2      | 1254 ||| SWAPPING to +0 war axe.
  1262 | D:2      | 1262 ||| DROPPING +1 hand axe.
  1306 | D:2      | 1306 ||| Stepping ~*~*~tactically~*~*~ (stealth).
  1309 | D:2      | 1309 ||| Stepping ~*~*~tactically~*~*~ (stealth).
  1351 | D:2      | 1351 ||| FLEEEEING.
  1426 | D:2      | 1426 ||| Stepping ~*~*~tactically~*~*~ (stealth).
  1427 | D:2      | 1427 ||| Stepping ~*~*~tactically~*~*~ (stealth).
  1455 | D:2      | Reached skill level 4 in Axes
  1455 | D:2      | Reached XP level 3. HP: 21/21 MP: 7/7
  1464 | D:2      | 1464 ||| Stepping ~*~*~tactically~*~*~ (stealth).
  1600 | D:2      | 1600 ||| Stepping ~*~*~tactically~*~*~ (stealth).
  1606 | D:2      | 1606 ||| Stepping ~*~*~tactically~*~*~ (stealth).
  1608 | D:2      | 1608 ||| Stepping ~*~*~tactically~*~*~ (stealth).
  1609 | D:2      | 1609 ||| Stepping ~*~*~tactically~*~*~ (stealth).
  1640 | D:2      | 1640 ||| Stepping ~*~*~tactically~*~*~ (stealth).
  1645 | D:2      | 1645 ||| FLEEEEING.
  1646 | D:2      | 1646 ||| FLEEEEING.
  1647 | D:2      | 1647 ||| FLEEEEING.
  1650 | D:2      | 1650 ||| STAIRDANCE
  1722 | D:1      | 1722 ||| READING 2 scrolls of identify.
  1722 | D:1      | 1722 ||| IDENTIFYING purple potion
  1723 | D:1      | 1723 ||| DROPPING potion of brilliance.
  1758 | D:2      | 1758 ||| Stepping ~*~*~tactically~*~*~ (stealth).
  1759 | D:2      | Noticed Robin
  1760 | D:2      | 1760 ||| Stepping ~*~*~tactically~*~*~ (hiding).
  1763 | D:2      | 1763 ||| Stepping ~*~*~tactically~*~*~ (stealth).
  1774 | D:2      | HP: 3/21 [goblin/+0 dagger[Robin] (4)]
  1776 | D:2      | Slain by a goblin

Levels and vault maps discovered:
D:1:      minmay_arrival_four_loops, layout_loops_corners, serial_shops,
          nicolae_shop_overgrown_old_shop, basic_ecumenical_altar, st_stairs_8,
          minmay_misc_feat_pillars, minmay_misc_feat_more_columns
D:2:      layout_loops_cross, minmay_misc_feat_four_crosses, uniq_robin

Skill      XL: |  1  2 |
---------------+-------+-----
Axes           | 4 |  4.4
Fighting       | |  2.0
Throwing       | |  1.0
Armour         | |  1.1
Dodging        | |  2.1
Spellcasting   | |  2.0
Translocations | |  2.4

Action                   || total
-------------------------++-------
Melee: Hand axe          ||    20
       Kick              ||    15
       War axe           ||    45
       Peck              ||     7
Throw: Boomerang         ||     7
  Use: Scroll            ||     8
Armor: Leather armour    ||    19
Dodge: Dodged            ||    37

Table legend:
 A = Non-vault XP
 B = Vault XP
 C = Vault XP percentage of total XP
 D = Non-vault monster count
 E = Vault monster count
 F = Vault count percentage of total count
                 A         B        C        D         E       F
            +---------+---------+-------+---------+---------+-------
      Total |      64 |      10 |  13.5 |      24 |       5 |  17.2
            +---------+---------+-------+---------+---------+-------
        D:1 |      14 |       2 |  12.5 |       9 |       1 |  10.0
        D:2 |      50 |       8 |  13.8 |      15 |       4 |  21.1
            +---------+---------+-------+---------+---------+-------
